 Dungeon Crawl Stone Soup version 0.30-a0-457-g4b7bca3bfa (webtiles) character file.

Game seed: 9781196771035015900

27701 ytrimaz the Spry (level 13, -13/56 HPs)
             Began as a Deep Elf Air Elementalist on Dec 13, 2022.
             Was an Elder of Hepliaklqana.
             Killed from afar by a molten gargoyle (20 damage)
             ... with a bolt of magma
             ... in a volcano.
             The game lasted 00:30:17 (21547 turns).

ytrimaz the Spry (Deep Elf Air Elementalist)       Turns: 21547, Time: 00:30:17

Health: -13/56     AC: 12    Str:  5    XL:     13   Next: 5%
Magic:  19/31      EV: 24    Int: 35    God:    Hepliaklqana [****..]
Gold:   789        SH:  0    Dex: 13    Spells: 31/36 levels left

rFire   . . .      SeeInvis .    (no weapon)
rCold   . . .      Faith    .    (no shield)
rNeg    + . .      Spirit   .    y - +0 steam dragon scales
rPois   .          Reflect  .    r - +2 helmet {Int+3}
rElec   .          Harm     .    (no cloak)
rCorr   .          Rampage  .    u - +2 pair of gloves
Will    ++++.                    v - +0 pair of boots
Stlth   ++++......               (no amulet)
HPRegen 0.29/turn                N - +4 ring of evasion
MPRegen 0.22/turn                a - ring of Reimbursement {rN+ Will+++ Int+6 Dex-2}

@: no status effects
A: reduced essence
a: Renounce Religion, Recall Ancestor, Ancestor Identity, Transference, Idealise


You were in a volcano.
You worshipped Hepliaklqana.
Hepliaklqana was greatly pleased with you.
You visited 3 branches of the dungeon, and saw 16 of its levels.
You also visited: Volcano.

You collected 984 gold pieces.
You spent 195 gold pieces at shops.


   Skills:
 + Level 17.7 Dodging
 - Level 10.0 Stealth
 - Level 12.0 Spellcasting
 - Level 4.0 Conjurations
 + Level 11.9 Air Magic


You had 31 spell levels left.
You knew the following spells:

 Your Spells              Type           Power      Damage    Failure   Level
a - Shock                 Conj/Air       100%       1d9       1%          1
c - Airstrike             Air            40%        2d(6-22)  1%          4

Your spell library contained the following spells:

 Spells                   Type           Power      Damage    Failure   Level
 Foxfire                  Conj/Fire      100%       2x1d9     1%          1
 Freeze                   Ice            84%        1d9       1%          1
 Kiss of Death            Conj/Necr      100%       2d13      1%          1
 Sandblast                Erth           42%        2d11      1%          1
 Slow                     Hex            84%        N/A       1%          1
 Summon Small Mammal      Summ           84%        N/A       1%          1
 Cigotuvi's Dreadful Rot  Necr/Pois/Air  96%        N/A       1%          2
 Static Discharge         Conj/Air       100%       2-7/arc   1%          2
 Swiftness                Air            81%        N/A       1%          3
 Hailstorm                Conj/Ice       35%        3d9       2%          3
 Stone Arrow              Conj/Erth      70%        3d11      2%          3
 Passwall                 Tmut/Erth      17%        N/A       3%          2
 Call Canine Familiar     Summ           21%        N/A       6%          3
 Confusing Touch          Hex            21%        N/A       6%          3
 Frozen Ramparts          Ice            42%        1d7       6%          3
 Gell's Gravitas          Tloc           21%        N/A       6%          3
 Inner Flame              Hex/Fire       21%        N/A       6%          3
 Lesser Beckoning         Tloc           42%        N/A       6%          3
 Summon Guardian Golem    Hex/Summ       21%        N/A       6%          3
 Teleport Other           Tloc           21%        N/A       6%          3
 Vampiric Draining        Necr           21%        2d7       6%          3
 Flame Wave               Conj/Fire      35%        2d10      9%          4
 Sticky Flame             Conj/Fire      35%        2d5       9%          4
 Dispel Undead            Necr           21%        3d11      21%         4
 Fireball                 Conj/Fire      17%        3d9       24%         5
 Starburst                Conj/Fire      17%        6d6       80%         6
 Death Channel            Necr           10%        N/A       97%         6

Inventory:

Missiles
 e - 2 throwing nets
Armour
 r - a +2 helmet of intelligence (worn)
   (You bought it in a shop on level 5 of the Dungeon)
 u - a +2 pair of gloves (worn)
   (You found it on level 5 of the Dungeon)
 v - a +0 pair of boots (worn)
   (You found it on level 2 of the Lair of Beasts)
 y - +0 steam dragon scales (worn)
   (You found it on level 8 of the Dungeon)
 F - +0 acid dragon scales
   (You found it on level 11 of the Dungeon)
Jewellery
 a - the ring of Reimbursement (right hand) {rN+ Will+++ Int+6 Dex-2}
   (You found it on level 8 of the Dungeon)

   [ring of intelligence]

   Int:       It affects your intelligence (+6).
   Dex:       It affects your dexterity (-2).
   rN:        It protects you from negative energy.
   Will:      It greatly increases your willpower.
 b - a +4 ring of protection
   (You found it on level 2 of the Dungeon)
 h - a +6 ring of dexterity
   (You found it on level 2 of the Dungeon)
 o - a ring of wizardry
   (You found it on level 5 of the Dungeon)
 p - a ring of poison resistance
   (You found it on level 6 of the Dungeon)
 L - a ring of fire
   (You found it on level 2 of the Lair of Beasts)
 N - a +4 ring of evasion (left hand)
   (You found it on level 3 of the Lair of Beasts)
Wands
 k - a wand of flame (44)
   (You found it on level 3 of the Dungeon)
 t - a wand of acid (13)
   (You found it on level 5 of the Dungeon)
 w - a wand of digging (8)
   (You took it off a kobold on level 7 of the Dungeon)
 B - a wand of roots (18)
   (You found it on level 6 of the Dungeon)
 C - a wand of paralysis (4)
   (You took it off an orc wizard on level 9 of the Dungeon)
Scrolls
 d - a scroll of poison
 f - 6 scrolls of teleportation
 m - 4 scrolls of blinking
 n - a scroll of silence
 q - 3 scrolls of brand weapon
 x - 3 scrolls of magic mapping
 z - a scroll of enchant armour
 D - a scroll of amnesia
 H - a scroll of fog
 I - a scroll of vulnerability
 M - 2 scrolls of identify
Potions
 c - 5 potions of heal wounds
 g - 2 potions of mutation
 i - 3 potions of curing
 j - 3 potions of attraction
 l - 2 potions of cancellation
 s - a potion of resistance
 A - 6 potions of might
 G - a potion of berserk rage
 J - a potion of brilliance
 K - 4 potions of haste

Dungeon Overview and Level Annotations

Branches:
Dungeon (11/15) Zot: 25295  Temple (1/1) D:7 Zot: 5754    Lair (4/5) D:10 Zot: 17823
 Shoals (0/4) Lair:2       Spider (0/4) Lair:3      Volcano (1/1) Zot: 5409
  Slime: Lair:4-5       Orc: D:9-12

Altars:
Ashenzari
Cheibriados
Dithmenos
Elyvilon
Fedhas
Gozag
Hepliaklqana
Kikubaaqudgha
Makhleb
Nemelex Xobeh
Okawaru
Qazlal
Ru
Sif Muna
Trog
Uskayaw
Vehumet
Wu Jian
Xom
Yredelemnul
Zin
The Shining One

Shops:
D:5 [   D:7 !

Annotations:
D:4 1 transporter, cforsyth's ghost, weakling MiBe
D:11 exclusion: moth of wrath

### ≈§§ [[ ≈§####
$. ##≈§#*#~~ .
#....###~~#
9#...##~~~~~#
##R..#~§~~§§~#
#...#~~~~~~~#
#..##~~~~~~~#
##.@.#~~~~~~#
###..##~~~~#
###..#~)~# ##..)#.#
##....#
############)'##
#.............#
#....)........#
#..###'##'#########


You could see the friendly Galdwin the battlemage and a molten gargoyle (ally
target).


Message History

The salamander mystic hits Galdwin with a +0 dagger.
Galdwin is engulfed in flames!
Galdwin resists.
Galdwin barely misses the salamander mystic.
A molten gargoyle comes into view.
It is wielding a +0 morningstar. 😎 MP[-4]
You lost 4 mp, and now have 7/31 mp.
Aiming: Airstrike (safe; 1% risk of failure)
Press: ? - help, Q - select action, (/) - cycle Dir - move target, f/p - salamander mystic
Aim: a salamander mystic, wielding a +0 dagger and wearing a +0 robe (severely wounded, ally target, empty space bonus: 5/8)
The air twists around and strikes the salamander mystic!!
The salamander mystic hits Galdwin with a +0 dagger.
Galdwin is engulfed in flames!
Galdwin resists.
Galdwin hits the salamander mystic with a +0 quarterstaff!!
The salamander mystic dies! 😎 MP[-4]
You lost 4 mp, and now have 3/31 mp.
You don't have enough magic to cast this spell.
Unknown command. 😎 MP[+1] Galdwin hits the molten gargoyle with a +0 quarterstaff!
Galdwin points at the molten gargoyle and mumbles some strange words.
The puff of frost hits the molten gargoyle!
The molten gargoyle closely misses Galdwin.
Galdwin hits the molten gargoyle with a +0 quarterstaff!
The molten gargoyle hits Galdwin with a +0 morningstar.
Galdwin is engulfed in flames.
Galdwin resists.
Galdwin hits the molten gargoyle with a +0 quarterstaff!
The molten gargoyle is destroyed! 😎 MP[+1]
You see here a +0 mace.
You start resting. 😎 MP[+4]
You regained 4 mp, and now have 9/31 mp.
Unknown command.
There is a large open door here.
You see here a +0 morningstar.
You enter the shallow water.
Moving in this stuff is going to be slow.
Things that are here:
a +2 long sword of distortion; a +0 chain mail 😎 MP[+22]
Your mp is fully restored (31).
Press: ? - help, v - describe, . - travel
Here: Galdwin the battlemage, wielding a +0 quarterstaff (friendly)
The floor.
You swap places.
Unknown command.
Unknown command.
Press: ? - help, v - describe, . - travel, g - get item
Here: Galdwin the battlemage, wielding a +0 quarterstaff (friendly)
Items here: a +2 long sword of distortion; a +0 chain mail.
Some shallow water.
Press: ? - help, . - travel You can't see that place. [some shallow water.]
A molten gargoyle comes into view. It is wielding a +0 mace.
The molten gargoyle blasts magma at you!
The bolt of magma hits you! 😕 HP[-13]
You take 13 damage, and now have 43/56 hp.
MASSIVE DAMAGE!! (PAUSE)
You swap places.
The molten gargoyle blasts magma at you!
The bolt of magma hits Galdwin!
Galdwin partially resists.
The bolt of magma misses you.
Aiming: Airstrike (safe; 1% risk of failure)
Press: ? - help, Q - select action, (/) - cycle Dir - move target, f - molten gargoyle, p - Galdwin
Aim: a molten gargoyle, wielding a +0 mace (ally target, empty space bonus: 2/8)
The air twists around and strikes the molten gargoyle.
The molten gargoyle blasts magma at you!
The bolt of magma hits you!!!
Ouch! That really hurt!
* * * LOW HITPOINT WARNING * * *
😱 HP[-36] MP[-4]
You take 36 damage, and now have 7/56 hp.
MASSIVE DAMAGE!! (PAUSE)
You lost 4 mp, and now have 27/31 mp.
Unknown command.
Aiming: Airstrike (safe; 1% risk of failure)
Press: ? - help, Q - select action, (/) - cycle Dir - move target, f/p - molten gargoyle
Aim: a molten gargoyle, wielding a +0 mace (lightly damaged, ally target, empty space bonus: 1/8)
The air twists around and strikes the molten gargoyle.
The molten gargoyle hits Galdwin but does no damage.
Galdwin hits the molten gargoyle but does no damage. 😱 MP[-4]
You lost 4 mp, and now have 23/31 mp.
Unknown command.
Aiming: Airstrike (safe; 1% risk of failure)
Press: ? - help, Q - select action, (/) - cycle Dir - move target, f/p - molten gargoyle
Aim: a molten gargoyle, wielding a +0 mace (moderately damaged, ally target, empty space bonus: 1/8)
The air twists around and strikes the molten gargoyle but does no damage.
The molten gargoyle blasts magma at you!
The bolt of magma hits Galdwin!!
Galdwin partially resists.
The bolt of magma hits you!!
You die...

Skill      XL: |  1  2  3  4  5  6  7  8  9 10 11 12 |
---------------+-------------------------------------+-----
Conjurations   | 2 3 4 |  4.0
Air Magic      | 4 5 7 8 10 11 | 11.9
Spellcasting   | 4 8 12 | 12.0
Dodging        | 4 9 14 17 | 17.7
Stealth        | 5 9 10 | 10.0

Action                   |  1- 3 |  4- 6 |  7- 9 | 10-12 | 13-15 || total
-------------------------+-------+-------+-------+-------+-------++-------
Melee: Unarmed           |     5 |       |     1 |     6 |       ||    12
 Cast: Shock             |    74 |   147 |    53 |    21 |       ||   295
       Static Discharge  |     5 |     1 |       |       |       ||     6
       Airstrike         |       |       |   125 |   301 |     6 ||   432
Invok: Ancestor Identity |       |       |     2 |       |       ||     2
       Recall Ancestor   |       |       |       |     2 |       ||     2
       Ancestor Life: Ba |       |       |       |     1 |       ||     1
Evoke: Wand              |       |       |       |     4 |       ||     4
  Use: Potion            |     4 |     1 |       |     4 |       ||     9
       Scroll            |     2 |     6 |     9 |     9 |       ||    26
Armor: Robe              |     2 |     4 |     7 |       |       ||    13
       Steam dragon scal |       |       |       |    36 |       ||    36
Dodge: Dodged            |    23 |    19 |    14 |   136 |     1 ||   193

Levels and vault maps discovered:
D:1:      lightli_arrival_windingriver, layout_basic, minmay_quantized
D:2:      layout_loops_ring, basic_altar, ebering_ecumenical_altar_petrified,
          kennysheep_potato, uniq_jessica
D:3:      layout_rooms, general_overflow_altar,
          mainiacjoe_overflow_small_starburst
D:4:      layout_basic, gammafunk_ghost_mausoleum,
          amcnicky_mini_rare_corridor_liquid, minmay_diced_spiral
D:5:      layout_cave_pools, serial_shops, nicolae_shop_behind_doors,
          glass_columns_c
D:6:      layout_loops_ring, makhleb_grotto_becter, tgw_sif, xom_butterflies
D:7:      layout_cave_pods, minmay_temple_entry_waves, serial_shops,
          nicolae_diamond_shop, amcnicky_mini_pool_small
D:8:      layout_cave_pools, vehumet_crystals, kennysheep_small_spiral
D:9:      layout_stronghold, nicolae_ashenzari_skybound, minitemple,
          minivault_16
D:10:     layout_big_octagon, nicolae_elyvilon_temple_path, lair_entry_dummy,
          hangedman_decor_push, hangedman_decor_slide_cut
D:11:     layout_basic, tgw_trog
Temple:   nicolae_temple_slightly_damp_pantheon
Lair:1:   layout_cave_shapes, lemuel_fruit_tree, serial_bayou_shore_b,
          uniq_fannar
Lair:2:   layout_long_grid, minmay_shoals_entry_lonely_mermaid, uniq_sonja
Lair:3:   layout_loops_ring, nicolae_spider_entry_tight_spaces
Lair:4:   layout_small_grid, enter_volcano_1, infiniplex_staircase_pool_2,
          grunt_megastairs_4
Volcano:  hellmonk_zot_springs

Notes
Turn   | Place    | Note
-------+----------+-------------------------------------------
     0 | D:1      | ytrimaz the Deep Elf Air Elementalist began the quest for
                  | the Orb.
     0 | D:1      | Reached XP level 1. HP: 10/10 MP: 6/6
     0 | D:1      | magus.rc [v1.9.6]
   490 | D:1      | Reached XP level 2. HP: 15/15 MP: 5/8
   928 | D:1      | Reached skill level 2 in Conjurations
  1394 | D:2      | Found a snail-covered altar of Cheibriados.
  1416 | D:2      | HP: 2/15 [worm (7)]
  1480 | D:1      | Learned a level 2 spell: Static Discharge
  1595 | D:1      | HP: 2/15 [worm (5)]
  1741 | D:1      | Reached XP level 3. HP: 13/19 MP: 0/9
  1822 | D:2      | Noticed Jessica
  1826 | D:2      | Killed Jessica
  1874 | D:2      | Reached skill level 4 in Air Magic
  1966 | D:2      | Reached skill level 3 in Conjurations
  2081 | D:2      | Found a faded altar of an unknown god.
  2125 | D:2      | You pick up a book of Touch and begin reading...
  2125 | D:2      | You add the spells Kiss of Death, Confusing Touch and
                  | Dispel Undead to your library.
  2308 | D:2      | Reached XP level 4. HP: 24/24 MP: 8/10
  2948 | D:3      | You pick up a book of Frost and begin reading...
  2948 | D:3      | You add the spells Freeze, Frozen Ramparts and Hailstorm to
                  | your library.
  3037 | D:3      | Learned a level 4 spell: Airstrike
  3105 | D:3      | Found a sparkling altar of Nemelex Xobeh.
  3448 | D:3      | Found a basalt altar of Yredelemnul.
  3556 | D:4      | Reached XP level 5. HP: 24/28 MP: 4/11
  3702 | D:4      | Reached skill level 4 in Conjurations
  3702 | D:4      | Reached skill level 5 in Air Magic
  3890 | D:4      | Found a transporter.
  3892 | D:4      | Noticed cforsyth's ghost (weakling MiBe)
  3894 | D:4      | You pick up a book of Callings and begin reading...
  3894 | D:4      | You add the spells Summon Small Mammal, Call Canine
                  | Familiar and Summon Guardian Golem to your library.
  3976 | D:4      | Reached XP level 6. HP: 32/32 MP: 6/12
  4024 | D:4      | Reached skill level 6 in Air Magic
  4552 | D:5      | Entered Level 5 of the Dungeon
  4798 | D:5      | Found Peduih Hepp's Antique Armour Boutique.
  4801 | D:5      | Bought a runed helmet for 195 gold pieces
  4849 | D:5      | Reached skill level 7 in Air Magic
  4932 | D:5      | Reached XP level 7. HP: 36/36 MP: 3/13
  5388 | D:6      | Reached skill level 8 in Air Magic
  5675 | D:6      | Reached skill level 4 in Spellcasting
  5898 | D:6      | Reached XP level 8. HP: 41/41 MP: 9/17
  6014 | D:6      | Found a shimmering altar of Xom.
  6075 | D:6      | Reached skill level 5 in Spellcasting
  6292 | D:6      | Reached skill level 9 in Air Magic
  6576 | D:6      | Reached skill level 6 in Spellcasting
  7229 | D:6      | Noticed Blork the orc
  7234 | D:6      | Killed Blork the orc
  7235 | D:6      | Reached skill level 7 in Spellcasting
  7331 | D:6      | Found a shimmering blue altar of Sif Muna.
  7362 | D:6      | Found a burning altar of Makhleb.
  7880 | D:7      | Reached skill level 8 in Spellcasting
  7880 | D:7      | Reached skill level 10 in Air Magic
  7943 | D:7      | Reached XP level 9. HP: 45/45 MP: 14/23
  8146 | D:7      | Reached skill level 9 in Spellcasting
  8229 | D:7      | Found a staircase to the Ecumenical Temple.
  8762 | D:7      | Found Japnyeps's Distillery.
  8768 | D:7      | You pick up a book of Fire and begin reading...
  8768 | D:7      | You add the spells Foxfire, Fireball and Starburst to your
                  | library.
  8771 | D:7      | You pick up a book of Flames and begin reading...
  8771 | D:7      | You add the spells Inner Flame, Sticky Flame and Flame Wave
                  | to your library.
  8993 | Temple   | Entered the Ecumenical Temple
  9224 | Temple   | Became a worshipper of Hepliaklqana the Forgotten
  9356 | D:8      | Found a radiant altar of Vehumet.
  9441 | D:8      | Reached skill level 10 in Spellcasting
  9833 | D:8      | Reached skill level 11 in Spellcasting
  9909 | D:8      | Identified the ring of Reimbursement {rN+ Will+++ Int+6
                  | Dex-2}
  9961 | D:8      | Reached * piety under Hepliaklqana
 10462 | D:9      | Reached skill level 12 in Spellcasting
 10558 | D:9      | Reached skill level 3 in Dodging
 10558 | D:9      | Reached skill level 3 in Stealth
 10716 | D:9      | Noticed an ice statue
 10721 | D:9      | Killed an ice statue
 10722 | D:9      | Reached skill level 4 in Dodging
 10722 | D:9      | Reached skill level 4 in Stealth
 10919 | D:9      | Noticed a kobold demonologist
 10920 | D:9      | Noticed a kobold demonologist
 10922 | D:9      | Killed a kobold demonologist
 10923 | D:9      | Reached skill level 5 in Stealth
 10923 | D:9      | Reached XP level 10. HP: 45/45 MP: 11/28
 10928 | D:9      | Noticed a soul eater
 11110 | D:9      | Reached skill level 5 in Dodging
 11222 | D:9      | Reached skill level 6 in Stealth
 11473 | D:9      | Reached skill level 6 in Dodging
 11724 | D:9      | Found a broken altar of Ashenzari.
 11749 | D:9      | Reached ** piety under Hepliaklqana
 11872 | D:9      | Reached skill level 7 in Stealth
 12066 | D:9      | Remembered your ancestor Galdwin as a battlemage
 12085 | D:9      | Found a stormy altar of Qazlal.
 12093 | D:9      | Found a glowing golden altar of the Shining One.
 12168 | D:10     | Entered Level 10 of the Dungeon
 12182 | D:10     | Found a staircase to the Lair.
 12203 | D:10     | Identified the +3 hand axe of Valiance {holy, rN++}
 12258 | D:10     | You pick up a book of Geomancy and begin reading...
 12258 | D:10     | You add the spells Sandblast, Passwall and Stone Arrow to
                  | your library.
 12260 | D:10     | Reached skill level 7 in Dodging
 12266 | D:10     | Reached skill level 8 in Stealth
 12648 | D:10     | Reached skill level 8 in Dodging
 12718 | D:10     | Reached skill level 9 in Stealth
 12981 | D:10     | Found a white marble altar of Elyvilon.
 13277 | D:11     | Noticed a boulder beetle
 13283 | D:11     | Killed a boulder beetle
 13284 | D:11     | Reached skill level 9 in Dodging
 13284 | D:11     | Reached XP level 11. HP: 48/48 MP: 5/29
 13406 | D:11     | Reached skill level 10 in Stealth
 13570 | D:11     | Noticed a two-headed ogre
 13574 | D:11     | Killed a two-headed ogre
 13575 | D:11     | Reached skill level 10 in Dodging
 13739 | D:11     | Noticed a boulder beetle
 13749 | D:11     | Killed a boulder beetle
 13856 | D:11     | Noticed a boulder beetle
 14430 | D:11     | Reached skill level 11 in Dodging
 14470 | D:11     | Killed a boulder beetle
 14644 | D:11     | Found a bloodstained altar of Trog.
 14811 | Lair:1   | Entered Level 1 of the Lair of Beasts
 14811 | Lair:1   | Noticed Fannar
 14816 | Lair:1   | Killed Fannar
 14817 | Lair:1   | Reached skill level 12 in Dodging
 14981 | Lair:1   | You pick up a book of Decay and begin reading...
 14981 | Lair:1   | You add the spells Cigotuvi's Dreadful Rot and Death
                  | Channel to your library.
 15254 | Lair:1   | Reached skill level 13 in Dodging
 15638 | Lair:1   | Reached skill level 14 in Dodging
 15885 | Lair:1   | Reached *** piety under Hepliaklqana
 16759 | Lair:2   | Found a staircase to the Shoals.
 16854 | Lair:2   | Noticed Sonja
 16856 | Lair:2   | Killed Sonja
 16857 | Lair:2   | Reached XP level 12. HP: 53/53 MP: 21/30
 16912 | Lair:2   | Reached skill level 15 in Dodging
 17576 | Lair:2   | Noticed a six-headed hydra
 17583 | Lair:2   | Killed a six-headed hydra
 18495 | Lair:3   | Reached skill level 16 in Dodging
 18843 | Lair:3   | Reached **** piety under Hepliaklqana
 18851 | Lair:3   | You pick up a book of Debilitation and begin reading...
 18851 | Lair:3   | You add the spells Slow and Vampiric Draining to your
                  | library.
 19038 | Lair:3   | You pick up a book of Displacement and begin reading...
 19038 | Lair:3   | You add the spells Lesser Beckoning, Gell's Gravitas and
                  | Teleport Other to your library.
 19376 | Lair:3   | Found a hole to the Spider Nest.
 19708 | Lair:3   | Noticed a five-headed hydra
 19713 | Lair:3   | Killed a five-headed hydra
 20134 | Lair:3   | Reached skill level 11 in Air Magic
 20172 | Lair:3   | Reached skill level 17 in Dodging
 20953 | Lair:4   | Found a dark tunnel.
 20958 | Volcano  | Entered a volcano
 21398 | Volcano  | Reached XP level 13. HP: 56/56 MP: 15/31
 21540 | Volcano  | Noticed an orb of fire
 21545 | Volcano  | HP: 7/56 [molten gargoyle/bolt of magma (37)]
 21547 | Volcano  | Killed from afar by a molten gargoyle

Vanquished Creatures
  A hydra (Lair:2)
  Fannar (Lair:1)
  A hell knight (Volcano)
  A cyclops (Volcano)
  A salamander (Volcano)
  5 elephants
  A merfolk siren (Lair:2)
  An ice statue (D:9)
  A black mamba (Lair:3)
  2 gargoyles (Volcano)
  2 cane toads (Lair:3)
  7 komodo dragons
  4 rime drakes
  3 kobold demonologists (D:9)
  A troll (D:10)
  A polar bear (Lair:1)
  A slime creature (D:11)
  2 blink frogs (Lair:1)
  3 jumping spiders (Lair:3)
  2 culicivoras (Lair:3)
  3 basilisks
  2 wraiths
  4 wyverns
  9 yaks
  A steam dragon (D:8)
  2 redbacks (Lair:3)
  An acid dragon (D:11)
  6 water moccasins
  An ice beast (D:6)
  2 black bears (D:6)
  An orc warrior (D:8)
  2 sky beasts
  6 wolves
  2 centaurs
  A phantom (D:6)
  6 bullfrogs
  6 kobold brigands
  Blork the orc (D:6)
  3 necrophages
  4 scorpions
  A gnoll sergeant (D:7)
  6 killer bees (D:8)
  3 howler monkeys (D:7)
  A crimson imp (D:6)
  6 jellies
  2 orc priests
  3 hounds
  Jessica (D:2)
  A gnoll bouda (D:6)
  4 iguanas
  7 orc wizards
  12 gnolls
  7 adders
  A shadow imp (D:3)
  2 white imps
  4 worms
  3 dart slugs
  16 orcs
  5 bats
  5 endoplasms
  5 giant cockroaches
  9 goblins
  9 hobgoblins
  2 quokkas (D:2)
  8 ball pythons
  A frilled lizard (D:2)
  21 kobolds
  10 rats
259 creatures vanquished.

Vanquished Creatures (collateral kills)
  A hydra (Lair:3)
  3 boulder beetles (D:11)
  A two-headed ogre (D:11)
  Sonja (Lair:2)
  A salamander mystic (Volcano)
  4 elephants
  A black mamba (Lair:3)
  A molten gargoyle (Volcano)
  A komodo dragon (Lair:2)
  A torpor snail (Lair:3)
  A troll (D:10)
  A blink frog (Lair:1)
  2 slime creatures (D:11)
  A jumping spider (Lair:3)
  4 yaks
  A redback (Lair:3)
  3 wolves (Lair:3)
  A bullfrog (Lair:3)
  An orc wizard (D:10)
  2 orcs
  A kobold (D:8)
33 creatures vanquished.

Vanquished Creatures (others)
  2 ancestors (D:9)
  10 battlemagi
  8 fungi
  5 plants
25 creatures vanquished.

Grand Total: 317 creatures vanquished

Table legend:
 A = Non-vault XP
 B = Vault XP
 C = Vault XP percentage of total XP
 D = Non-vault monster count
 E = Vault monster count
 F = Vault count percentage of total count
                 A         B        C        D         E       F
            +---------+---------+-------+---------+---------+-------
      Total |   31067 |    8506 |  21.5 |     257 |      35 |  12.0
            +---------+---------+-------+---------+---------+-------
        D:1 |      39 |       1 |   2.5 |      16 |       1 |   5.9
        D:2 |      39 |      38 |  49.4 |      16 |       2 |  11.1
        D:3 |      73 |       0 |   0.0 |      13 |       0 |   0.0
        D:4 |     289 |      23 |   7.4 |      20 |       5 |  20.0
        D:5 |     412 |       0 |   0.0 |      11 |       0 |   0.0
        D:6 |    1275 |     144 |  10.1 |      26 |       2 |   7.1
        D:7 |     997 |       0 |   0.0 |      28 |       0 |   0.0
        D:8 |     958 |       0 |   0.0 |      17 |       0 |   0.0
        D:9 |    3044 |     461 |  13.2 |      29 |       1 |   3.3
       D:10 |    1963 |       0 |   0.0 |      12 |       0 |   0.0
       D:11 |    4899 |       9 |   0.2 |      11 |       5 |  31.2
     Lair:1 |    5251 |     863 |  14.1 |      19 |       1 |   5.0
     Lair:2 |    3070 |    1252 |  29.0 |      10 |       2 |  16.7
     Lair:3 |    7320 |    1913 |  20.7 |      25 |       9 |  26.5
     Lair:4 |    1438 |       0 |   0.0 |       4 |       0 |   0.0
    Volcano |       0 |    3802 | 100.0 |       0 |       7 | 100.0
            +---------+---------+-------+---------+---------+-------

Illustrated notes

Table legend:
 A = Kills in this place as a percentage of kills in entire the game.
 B = Kills by you in this place as a percentage of kills by you in the entire game.
 C = Kills by friends in this place as a percentage of kills by friends in the entire game.
 D = Other kills in this place as a percentage of other kills in the entire game.
 E = Experience gained in this place as a percentage of experience gained in the entire game.
 F = Experience gained in this place divided by the number of levels of this place that you have seen.
                   A       B       C       D       E      F
               +-------+-------+-------+-------+-------+----------------------
         Total | 100.0 | 100.0 | 100.0 |   N/A | 100.0 | 2327.8
       Dungeon |  73.6 |  78.0 |  39.4 |   N/A |  37.1 | 1333.1
          Lair |  24.0 |  20.1 |  54.5 |   N/A |  53.3 | 5276.8
       Volcano |   2.4 |   1.9 |   6.1 |   N/A |   9.6 | 3802.0
               +-------+-------+-------+-------+-------+----------------------

Table legend: (Time is in decaauts)
 A = Elapsed time spent in this place.
 B = Non-inter-level travel time spent in this place.
 C = Inter-level travel time spent in this place.
 D = Time resting spent in this place.
 E = Time spent auto-exploring this place.
 F = Levels seen in this place.
 G = Mean time per level.
                   A        B        C        D        E       F      G
               +--------+--------+--------+--------+--------+-----+--------+
         Total |  21583 |  20824 |    759 |   2379 |  16293 |  17 | 1269.6 |
       Dungeon |  14571 |  14020 |    551 |   1140 |  11459 |  11 | 1324.6 |
        Temple |    245 |    232 |     13 |      0 |    190 |   1 |  245.0 |
          Lair |   6177 |   5982 |    195 |    920 |   4444 |   4 | 1544.2 |
       Volcano |    589 |    589 |      0 |    319 |    200 |   1 |  589.0 |
               +--------+--------+--------+--------+--------+-----+--------+

Top non-repeatable levels by time:
  Lair:3: 2281 daAuts
     D:9: 1983 daAuts
  Lair:2: 1928 daAuts
     D:6: 1865 daAuts
  Lair:1: 1672 daAuts
     D:7: 1667 daAuts
     D:1: 1635 daAuts
    D:11: 1464 daAuts
     D:2: 1228 daAuts
     D:8: 1021 daAuts
     D:5: 1020 daAuts
    D:10: 991 daAuts
     D:4: 899 daAuts
     D:3: 793 daAuts
 Volcano: 589 daAuts
